General information
- name: BNet
- type: Ladder team game (AT/RT)
- host: Battle.net
- saver: SovietSoldier
map: Slalom
- players: 8
- length: 50:42
- speed: Fast
- version: 1.26 W3XP
- replay type: Public
» download(274 KB)
Players
team 1 (loser)
thassit (
purple | 20 APM | 911 actions | 44:46)
6 Crypt Lord
3 Carrion Beetles
2 Spiked Carapace
1 Locust Swarm
7 Death Knight
3 Death Coil
3 Death Pact
1 Unholy Aura
1 Dreadlord
1 Vampiric Aura
» actions
| Basic commands | 19 | |
| Build / train | 79 | |
| Enter build submenu | 28 | |
| Enter hero's abilities submenu | 14 | |
| Give item / drop item | 2 | |
| Remove unit from queue | 2 | |
| Right click | 385 | |
| Select / deselect | 318 | |
| Use ability | 63 | |
911 total
» units
| Acolyte | 10 | |
| Ghoul | 4 | |
| Crypt Fiend | 8 | |
| Frost Wyrm | 11 | |
33 total
» upgrades
| Web | 1 | |
| Creature Carapace | 3 | |
| Creature Attack | 3 | |
| Freezing Breath | 1 | |
| Burrow | 1 | |
9 total
» buildings
| Ziggurat | 10 | |
| Altar of Darkness | 1 | |
| Crypt | 3 | |
| Graveyard | 1 | |
| Halls of the Dead | 1 | |
| Nerubian Tower | 8 | |
| Black Citadel | 1 | |
| Sacrificial Pit | 1 | |
| Tomb of Relics | 1 | |
| Boneyard | 2 | |
| Necropolis | 1 | |
30 total
» build order
00:12 Ziggurat
00:15 Altar of Darkness
00:36 Crypt
01:12 Crypt
01:20 Crypt
01:32 Graveyard
02:10 Ziggurat
03:05 Halls of the Dead
03:38 Nerubian Tower
04:14 Nerubian Tower
05:10 Ziggurat
05:16 Ziggurat
06:11 Black Citadel
06:22 Sacrificial Pit
07:30 Tomb of Relics
08:44 Boneyard
08:55 Boneyard
09:00 Ziggurat
09:06 Nerubian Tower
11:19 Ziggurat
11:24 Ziggurat
11:33 Ziggurat
14:53 Ziggurat
15:56 Ziggurat
18:01 Nerubian Tower
18:02 Nerubian Tower
18:04 Nerubian Tower
18:05 Nerubian Tower
18:06 Nerubian Tower
38:39 Necropolis
» items
| Scroll of Town Portal | 3 | |
| Orb of Corruption | 2 | |
| Orb of Lightning | 2 | |
| Potion of Healing | 1 | |
8 total
2sexy2gay4u (
green | 46 APM | 2310 actions | 50:41)
7 Blademaster
3 Wind Walk
3 Critical Strike
1 Bladestorm
» actions
| Assign group hotkey | 53 | |
| Basic commands | 270 | |
| Build / train | 79 | |
| Enter build submenu | 74 | |
| Enter hero's abilities submenu | 7 | |
| Give item / drop item | 4 | |
| Remove unit from queue | 6 | |
| Right click | 970 | |
| Select / deselect | 426 | |
| Select group hotkey | 285 | |
| Use ability | 136 | |
2310 total
» units
| Peon | 21 | |
| Grunt | 5 | |
| Raider | 7 | |
| Wind Rider | 1 | |
34 total
» upgrades
| Armor | 3 | |
| Pillage | 1 | |
| Ensnare | 1 | |
| Melee Weapons | 3 | |
| Reinforced Defenses | 1 | |
| Spiked Barricades | 1 | |
| Ranged Weapons | 3 | |
| Envenomed Spears | 1 | |
| Liquid Fire | 1 | |
| Troll Regeneration | 1 | |
16 total
» buildings
| Orc Burrow | 4 | |
| Altar of Storms | 1 | |
| Barracks | 1 | |
| Voodoo Lounge | 2 | |
| Stronghold | 3 | |
| War Mill | 3 | |
| Great Hall | 4 | |
| Beastiary | 6 | |
| Fortress | 1 | |
| Watch Tower | 66 | |
91 total
» build order
00:28 Orc Burrow
01:05 Altar of Storms
01:07 Barracks
01:11 Orc Burrow
01:51 Voodoo Lounge
03:13 Stronghold
03:13 Stronghold
04:18 War Mill
05:30 Great Hall
06:22 Beastiary
06:24 Beastiary
07:44 Orc Burrow
07:45 Orc Burrow
08:42 Great Hall
10:51 Fortress
11:25 Watch Tower
11:25 Watch Tower
11:26 Watch Tower
11:26 Watch Tower
11:30 Watch Tower
11:30 Watch Tower
11:30 Watch Tower
14:32 Watch Tower
14:33 Watch Tower
14:33 Watch Tower
14:33 Watch Tower
14:34 Watch Tower
14:38 Great Hall
14:39 Watch Tower
14:40 Watch Tower
14:41 Watch Tower
14:42 Watch Tower
14:42 Watch Tower
16:11 War Mill
16:21 Watch Tower
16:22 Watch Tower
16:22 Watch Tower
16:26 Watch Tower
16:26 Watch Tower
16:54 Beastiary
16:58 Beastiary
18:03 Voodoo Lounge
19:20 Watch Tower
19:20 Watch Tower
19:21 Watch Tower
19:21 Watch Tower
19:22 Watch Tower
19:34 Watch Tower
19:35 Watch Tower
19:36 Watch Tower
19:38 Watch Tower
19:39 Watch Tower
20:43 War Mill
21:28 Watch Tower
21:30 Watch Tower
21:30 Watch Tower
21:32 Watch Tower
21:34 Watch Tower
21:37 Great Hall
21:57 Watch Tower
21:59 Watch Tower
22:01 Watch Tower
22:03 Watch Tower
24:01 Watch Tower
24:01 Watch Tower
24:01 Watch Tower
24:02 Watch Tower
24:03 Watch Tower
24:03 Watch Tower
24:03 Watch Tower
24:06 Watch Tower
24:06 Watch Tower
24:06 Watch Tower
24:07 Watch Tower
24:07 Watch Tower
27:21 Watch Tower
27:22 Beastiary
27:22 Beastiary
28:43 Watch Tower
28:43 Watch Tower
28:44 Watch Tower
28:44 Watch Tower
28:45 Watch Tower
28:50 Watch Tower
28:50 Watch Tower
28:51 Watch Tower
28:51 Watch Tower
» items
| Potion of Lesser Invulnerability | 1 | |
| Boots of Speed | 1 | |
| Periapt of Vitality | 1 | |
| Orb of Lightning | 1 | |
| Scroll of Town Portal | 5 | |
| Orb of Corruption | 1 | |
| Staff of Teleportation | 1 | |
11 total

»
poon_starr (
teal | 35 APM | 1319 actions | 37:17)
8 Death Knight
3 Death Coil
3 Unholy Aura
1 Animate Dead
1 Death Pact
» actions
| Assign group hotkey | 25 | |
| Basic commands | 1 | |
| Build / train | 64 | |
| Enter build submenu | 21 | |
| Enter hero's abilities submenu | 8 | |
| Right click | 362 | |
| Select / deselect | 373 | |
| Select group hotkey | 417 | |
| Use ability | 47 | |
1319 total
» units
| Acolyte | 7 | |
| Ghoul | 5 | |
| Crypt Fiend | 14 | |
| Frost Wyrm | 10 | |
36 total
» upgrades
| Web | 1 | |
| Burrow | 1 | |
| Unholy Armor | 1 | |
| Unholy Strength | 1 | |
| Backpack | 1 | |
| Ghoul Frenzy | 1 | |
| Creature Attack | 3 | |
| Creature Carapace | 3 | |
| Freezing Breath | 1 | |
13 total
» buildings
| Altar of Darkness | 1 | |
| Ziggurat | 9 | |
| Graveyard | 1 | |
| Crypt | 2 | |
| Nerubian Tower | 1 | |
| Tomb of Relics | 1 | |
| Halls of the Dead | 1 | |
| Spirit Tower | 3 | |
| Black Citadel | 1 | |
| Sacrificial Pit | 1 | |
| Boneyard | 2 | |
23 total
» build order
00:14 Altar of Darkness
00:18 Ziggurat
00:39 Graveyard
01:02 Crypt
01:17 Ziggurat
01:35 Nerubian Tower
02:05 Tomb of Relics
03:01 Ziggurat
04:07 Halls of the Dead
05:15 Spirit Tower
05:23 Crypt
05:44 Ziggurat
09:59 Black Citadel
10:09 Ziggurat
10:11 Ziggurat
10:13 Ziggurat
11:20 Spirit Tower
12:36 Sacrificial Pit
12:59 Spirit Tower
13:05 Ziggurat
13:13 Ziggurat
13:36 Boneyard
13:42 Boneyard
Roxark (
blue | 43 APM | 2101 actions | 49:18)
3 Keeper of the Grove
2 Force of Nature
1 Entangling Roots
4 Warden
2 Fan of Knives
2 Shadow Strike
5 Priestess of the Moon
3 Searing Arrows
2 Trueshot Aura
» actions
| Assign group hotkey | 20 | |
| Build / train | 92 | |
| Enter build submenu | 21 | |
| Enter hero's abilities submenu | 12 | |
| Remove unit from queue | 8 | |
| Right click | 707 | |
| Select / deselect | 399 | |
| Select group hotkey | 776 | |
| Use ability | 66 | |
2101 total
» units
» upgrades
| Abolish Magic | 1 | |
| Well Spring | 1 | |
| Ultravision | 1 | |
| Reinforced Hides | 3 | |
| Strength of the Wild | 3 | |
9 total
» buildings
| Moon Well | 11 | |
| Altar of Elders | 1 | |
| Tree of Ages | 1 | |
| Hunter's Hall | 1 | |
| Tree of Eternity | 1 | |
| Ancient of Lore | 2 | |
| Ancient of Wonders | 1 | |
| Tree of Life | 1 | |
| Ancient Protector | 12 | |
31 total
» build order
00:20 Moon Well
00:32 Altar of Elders
01:04 Moon Well
02:13 Tree of Ages
02:27 Moon Well
03:16 Moon Well
03:27 Hunter's Hall
04:08 Moon Well
04:41 Tree of Eternity
04:51 Ancient of Lore
05:15 Ancient of Lore
10:25 Ancient of Wonders
12:58 Tree of Life
14:41 Ancient Protector
14:43 Ancient Protector
14:44 Ancient Protector
14:46 Ancient Protector
14:47 Ancient Protector
14:49 Ancient Protector
15:09 Moon Well
16:03 Ancient Protector
16:09 Ancient Protector
16:11 Ancient Protector
17:38 Ancient Protector
17:40 Ancient Protector
17:45 Ancient Protector
19:59 Moon Well
20:03 Moon Well
20:03 Moon Well
21:14 Moon Well
21:21 Moon Well
» items
| Potion of Lesser Invulnerability | 1 | |
| Scroll of Town Portal | 1 | |
| Scroll of Healing | 1 | |
| Orb of Venom | 1 | |
| Potion of Healing | 2 | |
6 total
team 2 (winner)

»
settler-beans (
pink | 49 APM | 1508 actions | 30:50)
5 Priestess of the Moon
3 Trueshot Aura
2 Searing Arrows
2 Keeper of the Grove
1 Entangling Roots
1 Force of Nature
» actions
| Assign group hotkey | 5 | |
| Basic commands | 5 | |
| Build / train | 80 | |
| Enter build submenu | 26 | |
| Enter hero's abilities submenu | 7 | |
| Remove unit from queue | 4 | |
| Right click | 942 | |
| Select / deselect | 332 | |
| Select group hotkey | 47 | |
| Use ability | 59 | |
1508 total
» units
| Wisp | 21 | |
| Huntress | 3 | |
| Hippogryph | 5 | |
| Chimaera | 11 | |
40 total
» upgrades
| Strength of the Wild | 3 | |
| Reinforced Hides | 3 | |
| Corrosive Breath | 1 | |
7 total
» buildings
| Moon Well | 8 | |
| Altar of Elders | 1 | |
| Hunter's Hall | 1 | |
| Ancient of War | 1 | |
| Tree of Ages | 9 | |
| Tree of Life | 4 | |
| Ancient of Wonders | 1 | |
| Tree of Eternity | 2 | |
| Ancient of Wind | 1 | |
| Chimaera Roost | 3 | |
| Ancient Protector | 6 | |
37 total
» build order
00:09 Moon Well
00:21 Altar of Elders
01:31 Moon Well
01:50 Hunter's Hall
02:05 Ancient of War
02:31 Moon Well
03:30 Tree of Ages
03:31 Tree of Ages
03:32 Tree of Ages
04:54 Tree of Life
05:09 Ancient of Wonders
06:17 Tree of Eternity
06:20 Ancient of Wind
07:09 Moon Well
08:43 Chimaera Roost
08:47 Chimaera Roost
08:51 Chimaera Roost
11:29 Ancient Protector
14:31 Moon Well
14:33 Moon Well
15:26 Tree of Life
15:33 Tree of Life
15:37 Ancient Protector
15:39 Ancient Protector
15:42 Ancient Protector
16:28 Moon Well
17:43 Moon Well
20:38 Tree of Life
20:47 Ancient Protector
20:49 Ancient Protector
» items
SovietSoldier (
red | 82 APM | 4161 actions | 50:42)
9 Archmage
3 Summon Water Elemental
3 Brilliance Aura
1 Mass Teleport
2 Blizzard
1 Lich
1 Death and Decay
» actions
| Assign group hotkey | 63 | |
| Basic commands | 84 | |
| Build / train | 145 | |
| ESC pressed | 5 | |
| Enter build submenu | 75 | |
| Enter hero's abilities submenu | 10 | |
| Give item / drop item | 3 | |
| Right click | 1863 | |
| Select / deselect | 606 | |
| Select group hotkey | 1107 | |
| Use ability | 200 | |
4161 total
» units
| Peasant | 26 | |
| Footman | 12 | |
| Dragonhawk Rider | 12 | |
| Gryphon Rider | 3 | |
53 total
» upgrades
| Masonry | 3 | |
| Swords | 3 | |
| Lumber Harvesting | 2 | |
| Armor | 3 | |
| Cloud | 1 | |
| Animal War Training | 1 | |
| Storm Hammers | 1 | |
| Nature's Blessing | 1 | |
| Backpack | 2 | |
| Ultravision | 1 | |
| Magic Sentry | 1 | |
| Plating | 3 | |
| Gunpowder | 3 | |
| Defend | 1 | |
| Long Rifles | 1 | |
| Sorceress Training | 2 | |
| Priest Training | 2 | |
| Control Magic | 1 | |
| Barrage | 1 | |
| Fragmentation Shards | 1 | |
| Flare | 1 | |
| Flying Machine Bombs | 1 | |
| Flak Cannons | 1 | |
37 total
» buildings
| Altar of Kings | 1 | |
| Farm | 9 | |
| Barracks | 1 | |
| Town Hall | 3 | |
| Arcane Vault | 2 | |
| Keep | 2 | |
| Lumber Mill | 4 | |
| Blacksmith | 1 | |
| Scout Tower | 29 | |
| Guard Tower | 22 | |
| Castle | 2 | |
| Gryphon Aviary | 8 | |
| Ancient Protector | 7 | |
| Spirit Tower | 5 | |
| Arcane Sanctum | 1 | |
| Workshop | 4 | |
101 total
» build order
00:07 Altar of Kings
00:11 Farm
00:14 Barracks
01:07 Farm
02:24 Farm
03:41 Town Hall
04:00 Farm
04:47 Arcane Vault
05:35 Keep
05:39 Lumber Mill
06:03 Blacksmith
06:10 Scout Tower
06:11 Scout Tower
06:13 Scout Tower
06:43 Guard Tower
06:43 Guard Tower
06:43 Guard Tower
08:02 Scout Tower
08:04 Scout Tower
08:06 Scout Tower
08:33 Town Hall
08:34 Guard Tower
08:35 Guard Tower
08:55 Scout Tower
08:56 Scout Tower
09:54 Guard Tower
11:04 Castle
11:33 Scout Tower
11:35 Scout Tower
11:59 Gryphon Aviary
12:03 Gryphon Aviary
12:04 Gryphon Aviary
12:32 Gryphon Aviary
13:08 Guard Tower
13:10 Scout Tower
13:48 Guard Tower
13:52 Scout Tower
13:52 Scout Tower
14:05 Scout Tower
14:09 Scout Tower
14:09 Scout Tower
14:10 Scout Tower
14:28 Guard Tower
14:28 Guard Tower
14:28 Guard Tower
14:42 Guard Tower
14:42 Guard Tower
14:46 Scout Tower
14:47 Scout Tower
14:48 Scout Tower
14:49 Scout Tower
15:22 Guard Tower
15:26 Guard Tower
15:46 Guard Tower
16:06 Guard Tower
16:58 Lumber Mill
17:01 Lumber Mill
18:14 Farm
18:14 Farm
18:17 Farm
18:17 Farm
18:18 Farm
20:45 Scout Tower
24:54 Guard Tower
27:33 Ancient Protector
27:34 Ancient Protector
27:35 Ancient Protector
27:38 Ancient Protector
27:39 Ancient Protector
27:59 Keep
28:33 Gryphon Aviary
28:34 Gryphon Aviary
28:37 Gryphon Aviary
28:38 Gryphon Aviary
28:42 Arcane Vault
29:00 Ancient Protector
29:02 Ancient Protector
29:12 Spirit Tower
29:12 Spirit Tower
29:12 Spirit Tower
29:53 Scout Tower
29:54 Scout Tower
30:00 Lumber Mill
30:03 Scout Tower
30:08 Scout Tower
30:11 Scout Tower
30:58 Guard Tower
31:50 Castle
33:03 Scout Tower
33:04 Scout Tower
34:30 Guard Tower
34:58 Arcane Sanctum
41:12 Workshop
41:13 Workshop
41:15 Workshop
41:21 Workshop
41:47 Town Hall
» items
| Scroll of Town Portal | 3 | |
| Orb of Fire | 1 | |
| Potion of Healing | 2 | |
| Scroll of Regeneration | 4 | |
| Mechanical Critter | 2 | |
12 total
Jeezeus (
yellow | 55 APM | 1422 actions | 25:51)
5 Lich
3 Frost Nova
2 Dark Ritual
4 Goblin Alchemist
2 Healing Spray
1 Chemical Rage
1 Acid Bomb
» actions
| Assign group hotkey | 26 | |
| Build / train | 75 | |
| Enter build submenu | 27 | |
| Enter hero's abilities submenu | 11 | |
| Give item / drop item | 2 | |
| Remove unit from queue | 5 | |
| Right click | 668 | |
| Select / deselect | 351 | |
| Select group hotkey | 190 | |
| Use ability | 67 | |
1422 total
» units
| Acolyte | 7 | |
| Ghoul | 9 | |
| Crypt Fiend | 15 | |
| Necromancer | 3 | |
| Frost Wyrm | 5 | |
39 total
» upgrades
| Creature Attack | 3 | |
| Burrow | 1 | |
| Web | 1 | |
| Skeletal Mastery | 1 | |
| Skeletal Longevity | 1 | |
| Creature Carapace | 1 | |
| Freezing Breath | 1 | |
9 total
» buildings
| Ziggurat | 9 | |
| Altar of Darkness | 1 | |
| Crypt | 2 | |
| Graveyard | 1 | |
| Halls of the Dead | 1 | |
| Sacrificial Pit | 1 | |
| Black Citadel | 1 | |
| Temple of the Damned | 1 | |
| Spirit Tower | 3 | |
| Nerubian Tower | 2 | |
| Boneyard | 2 | |
24 total
» build order
00:07 Ziggurat
00:10 Altar of Darkness
00:38 Crypt
01:14 Graveyard
01:32 Ziggurat
03:21 Ziggurat
04:56 Halls of the Dead
06:59 Ziggurat
07:29 Crypt
09:04 Sacrificial Pit
09:06 Ziggurat
09:17 Ziggurat
10:22 Black Citadel
10:52 Temple of the Damned
12:52 Spirit Tower
12:53 Nerubian Tower
12:55 Ziggurat
14:23 Spirit Tower
14:28 Ziggurat
14:32 Ziggurat
15:15 Boneyard
15:37 Boneyard
16:57 Nerubian Tower
17:03 Nerubian Tower
17:06 Spirit Tower
» items
| Orb of Venom | 1 | |
| Scroll of Town Portal | 1 | |
| Boots of Speed | 1 | |
| Periapt of Vitality | 1 | |
4 total
walex1212 (
orange | 47 APM | 1176 actions | 25:06)
4 Demon Hunter
2 Evasion
2 Immolation
1 Warden
1 Fan of Knives
» actions
| Basic commands | 59 | |
| Build / train | 73 | |
| ESC pressed | 1 | |
| Enter build submenu | 14 | |
| Enter hero's abilities submenu | 5 | |
| Right click | 729 | |
| Select / deselect | 257 | |
| Use ability | 38 | |
1176 total
» units
| Wisp | 21 | |
| Archer | 33 | |
| Huntress | 2 | |
| Frost Revenant | 1 | |
57 total
» upgrades
| Sentinel | 1 | |
| Improved Bows | 1 | |
| Vorpal Blades | 1 | |
| Strength of the Moon | 1 | |
| Moon Armor | 1 | |
5 total
» buildings
| Ancient of War | 2 | |
| Altar of Elders | 1 | |
| Moon Well | 10 | |
| Ancient of Wonders | 1 | |
| Hunter's Hall | 1 | |
| Tree of Ages | 1 | |
| Tree of Life | 1 | |
| Ancient Protector | 3 | |
20 total
» build order
00:12 Ancient of War
00:35 Altar of Elders
01:53 Moon Well
01:54 Moon Well
02:25 Ancient of Wonders
04:12 Hunter's Hall
06:10 Ancient of War
07:29 Moon Well
07:30 Moon Well
07:37 Moon Well
07:38 Moon Well
08:37 Tree of Ages
11:18 Tree of Life
13:44 Ancient Protector
14:51 Ancient Protector
14:52 Ancient Protector
17:03 Moon Well
17:04 Moon Well
17:06 Moon Well
17:07 Moon Well
» items
| Boots of Speed | 1 | |
| Circlet of Nobility | 1 | |
| Periapt of Vitality | 1 | |
3 total
Chat log
(00:38 / Allies) settler-beans: hipps chims
(00:44 / All) 2sexy2gay4u: It's tearin' up my heart when I'm with you
(00:48 / Allies) SovietSoldier: chippo sucks make something else
(00:49 / All) 2sexy2gay4u: but when we are apart I feel it too
(00:53 / All) 2sexy2gay4u: and no matter what I do I feel the pain
(00:56 / All) 2sexy2gay4u: with or without you!
(01:07 / Allies) walex1212: ill go for archer spam :)
(01:10 / Allies) SovietSoldier: k
(01:28 / All) 2sexy2gay4u: Let it go, if you want me girl let me know!
(01:36 / All) 2sexy2gay4u: I am down on my knees, I can't take it anymore!
(01:44 / Allies) SovietSoldier: I will get knights and tanks
(01:54 / Allies) Jeezeus: wyrms and fiends
(02:22 / Allies) settler-beans: clearexpos fast
(02:56 / Allies) settler-beans: clear expos togter
(02:57 / Allies) settler-beans: fast
(03:30 / Allies) SovietSoldier: I didn't need your help pink
(03:44 / Allies) settler-beans: clear all together
(04:14 / Allies) Jeezeus: coming
(04:24 / Allies) walex1212: coming
(12:48 / Allies) settler-beans: out
(13:32 / Allies) Jeezeus: 6 k gold o.o
(13:40 / Allies) SovietSoldier: no wood to make anything
(13:44 / Allies) settler-beans: giold me
(13:54 / Allies) settler-beans: red
(13:56 / Allies) settler-beans: gold me
(13:57 / Allies) SovietSoldier: no.
(14:21 / Allies) settler-beans: ill give wood
(14:46 / Allies) settler-beans: red???????????????????
(14:48 / Allies) settler-beans: gold me
(14:52 / Allies) SovietSoldier: stfu and get your own
(15:05 / Allies) Jeezeus: here pink
(16:06 / Allies) walex1212: ty
(16:40 / Allies) settler-beans: gold for tp plz
(17:45 / Allies) walex1212: damn food.
(17:59 / Allies) SovietSoldier: clear bottom line
(18:01 / Allies) SovietSoldier: I got cloud
(18:25 / Allies) Jeezeus: cloud
(19:00 / Allies) walex1212: damn
(20:26 / Allies) Jeezeus: who wants gold?
(20:30 / Allies) settler-beans: me
(20:57 / Allies) Jeezeus: meet here
(21:05 / Allies) Jeezeus: come red ;D
(21:06 / Allies) walex1212: where?
(21:36 / Allies) Jeezeus: shit
(21:39 / Allies) walex1212: mhm
(21:46 / Allies) Jeezeus: red cloud giogogogog
(21:53 / Allies) settler-beans: gld
(21:56 / Allies) settler-beans: gold plz
(22:04 / Allies) settler-beans: ty
(22:19 / Allies) Jeezeus: gp cloud
(22:19 / Allies) walex1212: my mine is empty
(22:19 / Allies) SovietSoldier: it's too much right now they could tp
(22:21 / Allies) walex1212: damnit
(22:22 / Allies) SovietSoldier: hit somewehre else imo
(22:26 / Allies) settler-beans: in ambush
(22:28 / Allies) settler-beans: no
(22:32 / Allies) settler-beans: go bottom
(22:36 / Allies) SovietSoldier: yeah
(22:37 / Allies) SovietSoldier: it's smarter
(23:07 / Allies) settler-beans: red gold me plz
(23:39 / Allies) settler-beans: i got no gold now
(23:51 / Allies) settler-beans: lost expo 3 times
(23:59 / Allies) Jeezeus: kill units
(24:17 / Allies) Jeezeus: gooo red
(24:39 / Allies) settler-beans: red u faggot
(24:40 / Allies) SovietSoldier: they are mass aa
(24:50 / Allies) settler-beans: red is useless
(24:58 / Allies) walex1212: real.
(25:03 / All) Jeezeus: wtf man!
(25:15 / Allies) settler-beans: red gold me or i tk u
(25:21 / All) Jeezeus: dude y i always gotta have an idiot in my team?
(25:26 / Allies) SovietSoldier: you couldnt if you wanted to
(25:48 / Allies) settler-beans: now u lose
(25:50 / All) Jeezeus: gg
(25:52 / Allies) settler-beans: faggot
(25:55 / Allies) SovietSoldier: out
(25:56 / Allies) SovietSoldier: leave
(26:00 / Allies) settler-beans: lol u ose now faggot
(26:05 / Allies) settler-beans: llllllloooooolllllll
(26:06 / Allies) SovietSoldier: I am 0-0 I do not care
(26:15 / Allies) settler-beans: i am 0 and 0
(26:19 / Allies) settler-beans: care a little less
(26:25 / Allies) SovietSoldier: then leave
(26:32 / Allies) settler-beans: nah
(26:38 / Allies) settler-beans: ima afka few mins
(26:43 / Allies) settler-beans: gotta piss
(30:44 / Allies) settler-beans: bak lol u aint doin so good cya loser
(31:51 / All) 2sexy2gay4u: Help is on the way
(32:47 / All) SovietSoldier: you can leave now
(36:27 / All) SovietSoldier: You can leave now. You have my permission
(36:32 / All) SovietSoldier: I beat you 1v4
(36:37 / All) SovietSoldier: and you had it won.
(36:42 / All) SovietSoldier: How embarassed you must be.
(36:55 / All) thassit: green is tking you dumbass
(36:57 / All) poon_starr: if green was on our team we would have won
(37:04 / All) SovietSoldier: He is on your team, sir
(37:07 / All) SovietSoldier: You lost is all
(37:22 / All) SovietSoldier: There is no need to be upset.
(37:44 / All) thassit: green is tking you didn't win anything by yourself
(37:50 / All) SovietSoldier: Yes I did
(37:53 / All) thassit: no you didnt
(37:55 / All) 2sexy2gay4u: Be a graceful loser
(37:59 / All) thassit: lol
(38:00 / All) 2sexy2gay4u: and give credit where it is due
(38:01 / All) SovietSoldier: This was planned from the beginning btw
(38:06 / All) SovietSoldier: You are just another victim
(38:06 / All) thassit: i will when i see it
(38:24 / All) thassit: therefor you are not by yourself
(38:27 / All) 2sexy2gay4u: You lost, learn from your mistakes and get better
(38:31 / All) 2sexy2gay4u: No need to be a whiny loser
(38:44 / All) 2sexy2gay4u: Great game by you red, blue sucked so much dick
(38:55 / All) SovietSoldier: Yeah how could he lose? He had it won
(39:09 / All) 2sexy2gay4u: A loser will snatch defeat from the jaw's of victory
(39:22 / All) Roxark: You are the kinda person that I wouldn't regret to rape your mother
(39:31 / All) thassit: a duplicitous bitch will stab you in the back when your not looking
(39:41 / All) SovietSoldier: My mom is a post-op transgender man. Are you still into him?
(41:33 / All) 2sexy2gay4u: gg noob allies
(41:40 / All) SovietSoldier: Yeah your team sucked lol
(41:42 / All) SovietSoldier: What a bunch of nobs
(41:45 / All) SovietSoldier: lost after all this
(42:33 / All) 2sexy2gay4u: Blue's hitting on me
(42:39 / All) 2sexy2gay4u: Want's to know where I'm from
(42:42 / All) SovietSoldier: What is he saying?
(42:44 / All) 2sexy2gay4u: 23/m/USA babe
(42:49 / All) SovietSoldier: What's his ASL?
(42:51 / All) 2sexy2gay4u: you interested?
(42:57 / All) 2sexy2gay4u: Indiana
(43:21 / All) 2sexy2gay4u: Wants to gape my ass wide open
(43:26 / All) 2sexy2gay4u: what a sexual deviant
(43:41 / All) 2sexy2gay4u: What do you charge for this service, cutie?
(43:46 / All) SovietSoldier: he must be suffering through fagolescence
(44:37 / All) 2sexy2gay4u: I had to have lousy fags like blue on my team
(44:45 / All) 2sexy2gay4u: I'll never get my first icon
(44:55 / All) SovietSoldier: Yeah, was he a backstabber?
(45:04 / All) 2sexy2gay4u: might as well have been
(45:09 / All) SovietSoldier: What a faggot. I hate bsers
(45:16 / All) 2sexy2gay4u: he didn't aid us to victory in any way shape or form
(45:59 / All) SovietSoldier: JUST SAY KKKKKKKKKKKKKK
(46:07 / All) SovietSoldier: GAME UNPAUSED
(47:02 / All) 2sexy2gay4u: blue do you want to 1v1?
(47:18 / All) 2sexy2gay4u: heh
(47:22 / All) SovietSoldier: I can host
(47:23 / All) 2sexy2gay4u: What channel
(47:34 / All) 2sexy2gay4u: I haven't played a solo game in quite a while, if you lose to me that's very embarassing for you
(47:34 / All) SovietSoldier: Tell me the channel so I can host
(47:40 / All) 2sexy2gay4u: gay fun time
(48:05 / All) 2sexy2gay4u: It's 1v1 and he will be ob
(48:16 / All) SovietSoldier: He is obs? I thought he wanted to beat you?
(48:21 / All) 2sexy2gay4u: Are you scared of 1v1?
(48:28 / All) 2sexy2gay4u: I mean you will be ob host
(48:33 / All) SovietSoldier: Oh alright
(48:39 / All) 2sexy2gay4u: He wants to 2v2 now
(48:45 / All) SovietSoldier: lol
(48:47 / All) SovietSoldier: Make up your mind mang
(48:55 / All) SovietSoldier: It's 1v1, we don't have 4 people
(49:15 / All) 2sexy2gay4u: channel gay fun time
(49:17 / All) SovietSoldier: k
(49:31 / All) 2sexy2gay4u: what the hell else building is there
(49:32 / All) SovietSoldier: FINISH HIM.
(49:42 / All) SovietSoldier: yeah wtf
(49:46 / All) SovietSoldier: just leave I guess
(49:48 / All) 2sexy2gay4u: lol
(49:54 / All) 2sexy2gay4u: let me find it
(50:05 / All) 2sexy2gay4u: I'm confused
(50:13 / All) SovietSoldier: JUST ALTQQ
(50:21 / All) 2sexy2gay4u: I will
(50:26 / All) 2sexy2gay4u: I want to find this building
(50:35 / All) 2sexy2gay4u: oh
(50:36 / All) SovietSoldier: ARE YOU ON TOP OF IT
(50:40 / All) 2sexy2gay4u: I'm blind